 Dungeon Crawl Stone Soup version 0.28-a0-906-g0406aca7d3 (webtiles) character file.

Game seed: 12776625987151882777

108241 porpoise the Eclecticist (level 16, -9/96 HPs)
             Began as a Deep Elf Conjurer on Nov 23, 2021.
             Was a High Priest of Vehumet.
             Killed from afar by a swamp worm (14 damage)
             ... with a harpoon shot
             ... on level 2 of the Swamp on Nov 24, 2021.
             The game lasted 03:18:27 (39647 turns).

porpoise the Eclecticist (Deep Elf Conjurer)       Turns: 39647, Time: 03:18:28

Health: -9/96      AC:  9    Str:  8    XL:     16   Next: 2%
Magic:  14/38      EV: 17    Int: 27    God:    Vehumet [*****.]
Gold:   1783       SH:  9    Dex: 21    Spells: 12/47 levels left

rFire   + + +      SeeInvis .   a - staff of fire
rCold   . . .      Faith    .   p - +3 buckler of Precision Catastrophes {rElec rF+ Dex+2}
rNeg    . . .      Spirit   .   v - +2 robe {Archmagi}
rPois   .          Reflect  .   k - +2 helmet
rElec   +          Harm     .   V - scarf {+Inv}
rCorr   .          Rampage  .   D - +0 pair of gloves
Will    ++...      Archmagi +   Z - +0 pair of boots
Stlth   ++++......              P - amulet of magic regeneration
HPRegen 0.26/turn               o - ring of willpower
MPRegen 0.51/turn               s - ring "Hoamoq" {Fly rF+ Dex+6}

@: flying, studying Maces & Flails
A: no striking features
a: Renounce Religion, Evoke Invisibility


You were on level 2 of the Swamp.
You worshipped Vehumet.
Vehumet was extremely pleased with you.
You visited 4 branches of the dungeon, and saw 25 of its levels.
You also visited: Gauntlet and Ice Cave.

You collected 2574 gold pieces.
You spent 791 gold pieces at shops.

Inventory:

Hand Weapons
 b - a +1 vorpal fustibalus
Missiles
 h - 5 boomerangs
 x - 62 sling bullets
 B - 9 curare-tipped darts (quivered)
Armour
 k - a +2 helmet (worn)
 p - the +3 buckler of Precision Catastrophes (worn) {rElec rF+ Dex+2}
   (You bought it in a shop on level 4 of the Dungeon)

   Dex:       It affects your dexterity (+2).
   rF:        It protects you from fire.
   rElec:     It insulates you from electricity.
 v - a +2 robe of the Archmagi (worn)
 D - a +0 pair of gloves (worn)
 V - a scarf of invisibility (worn)
 Z - a +0 pair of boots (worn)
Magical Staves
 a - a staff of fire (weapon)
 w - a staff of earth
Jewellery
 g - a ring of ice
 l - a ring of resist corrosion
 n - a ring of the Octopus King {AC+1 EV+1 Str+1 Int+1 Dex+1 SInv}
   (You found it in a Gauntlet)

   [ring of see invisible]

   AC:        It affects your AC (+1).
   EV:        It affects your evasion (+1).
   Str:       It affects your strength (+1).
   Int:       It affects your intelligence (+1).
   Dex:       It affects your dexterity (+1).
   SInv:      It lets you see invisible.
 o - a ring of willpower (left hand)
 s - the ring "Hoamoq" (right hand) {Fly rF+ Dex+6}
   (You found it in a Gauntlet)

   [ring of dexterity]

   Dex:       It affects your dexterity (+6).
   rF:        It protects you from fire.
   Fly:       It grants you flight.
 P - an amulet of magic regeneration (around neck)
Wands
 e - a wand of acid (1)
 m - a wand of charming (9)
 t - a wand of paralysis (12)
 H - a wand of flame (35)
 I - a wand of digging (14)
 J - a wand of polymorph (12)
 Q - a wand of iceblast (8)
 S - a wand of mindburst (3)
Scrolls
 d - a scroll of identify
 f - a scroll of immolation
 r - a scroll of vulnerability
 E - 3 scrolls of teleportation
 K - a scroll of fear
 N - 2 scrolls of summoning
 T - 3 scrolls of fog
 Y - a scroll of silence
Potions
 c - 3 potions of lignification
 j - 8 potions of haste
 q - 9 potions of curing
 A - 2 potions of heal wounds
 G - 2 potions of magic
 O - 2 potions of resistance
 X - a potion of invisibility
Miscellaneous
 u - a phial of floods
 y - a condenser vane
 W - a phantom mirror


   Skills:
 - Level 9.0 Fighting
 + Level 7.7 Dodging
 - Level 7.0 Stealth
 - Level 4.0 Shields
 - Level 16.0 Spellcasting
 - Level 12.0 Conjurations
 - Level 12.0 Hexes
 - Level 5.0 Necromancy
 - Level 9.0 Translocations
 - Level 10.4 Fire Magic
 - Level 5.0 Air Magic
 + Level 11.4 Earth Magic
 - Level 7.0 Evocations


You had 12 spell levels left.
You knew the following spells:

 Your Spells              Type           Power      Damage    Failure   Level
a - Magic Dart            Conj           100%       1d8       0%          1
b - Searing Ray           Conj           100%       2d8       1%          2
c - Fulminant Prism       Conj/Hex       46%        3d21      1%          4
d - Iskenderun's Mystic   Conj/Tloc      87%        2d17      1%          4
e - Iron Shot             Conj/Erth      45%        9d9       1%          6
f - Fireball              Conj/Fire      55%        3d21      1%          5
i - Inner Flame           Hex/Fire       100%       N/A       1%          3
j - Swiftness             Air            64%        N/A       1%          3
k - Blink                 Tloc           100%       N/A       1%          2
v - Borgnjor's Vile Clut  Necr/Erth      39%        N/A       2%          5

Your spell library contained the following spells:

 Spells                   Type           Power      Damage    Failure   Level
 Orb of Destruction       Conj           46%        9d15      4%          7
 Foxfire                  Conj/Fire      100%       2x1d9     0%          1
 Freeze                   Ice            100%       1d11      1%          1
 Corpse Rot               Necr/Air       100%       N/A       1%          2
 Passwall                 Tmut/Erth      56%        N/A       1%          2
 Poisonous Vapours        Pois/Air       100%       N/A       1%          2
 Dazzling Flash           Conj/Hex       100%       N/A       1%          3
 Frozen Ramparts          Ice            64%        1d8       1%          3
 Lesser Beckoning         Tloc           81%        N/A       1%          3
 Portal Projectile        Hex/Tloc       100%       N/A       1%          3
 Cause Fear               Hex            46%        N/A       1%          4
 Hailstorm                Conj/Ice       69%        3d14      1%          4
 Leda's Liquefaction      Hex/Erth       45%        N/A       1%          4
 Sticky Flame             Conj/Fire      100%       2d11      1%          4
 Irradiate                Conj/Tmut      34%        3d24      1%          5
 Iskenderun's Battlesphe  Conj           92%        2d14      1%          5
 Manifold Assault         Tloc           81%        N/A       1%          5
 Animate Armour           Summ/Erth      100%       N/A       2%          4
 Dispel Undead            Necr           64%        3d22      3%          4
 Conjure Ball Lightning   Conj/Air       39%        3x3d13    3%          6
 Call Canine Familiar     Summ           32%        N/A       7%          3
 Spellforged Servitor     Conj/Summ      34%        N/A       38%         7
 Death Channel            Necr           32%        N/A       41%         6
 Alistair's Intoxication  Tmut/Pois      21%        N/A       54%         5
 Blade Hands              Tmut           16%        N/A       54%         5
 Eringya's Noxious Bog    Tmut/Pois      16%        N/A       63%         6
 Discord                  Hex            46%        N/A       73%         8
 Disjunction              Tloc           40%        N/A       98%         8
 Dragon Form              Tmut           16%        N/A       100%        7
 Dragon's Call            Summ           16%        N/A       100%        9


Dungeon Overview and Level Annotations

Branches:
Dungeon (15/15)            Temple (0/1) D:7            Lair (6/6) D:10
  Swamp (2/4) Lair:4       Spider (0/4) Lair:2        Slime (0/5) Lair:6
    Orc (2/2) D:9             Elf (0/3) Orc:2        Vaults (0/5) D:13
 Depths (0/4) D:15          IceCv (visited)         Gauntlet (visited)

Altars:
Cheibriados
Elyvilon
Gozag
Hepliaklqana
Kikubaaqudgha
Makhleb
Nemelex Xobeh
Okawaru
Qazlal
Uskayaw
Vehumet
Wu Jian
Xom
Yredelemnul
Beogh
Jiyva

Shops:
D:4 [   Orc:2 [(((!

Portals:
Abyss: Swamp:1

Annotations:
D:13 1 runed translucent door, croobank's ghost, adept HOFi
Lair:6 1 runed translucent door
Swamp:1 2 transporters, Uweimen's ghost, journeyman VSBe


Message History

The five-headed hydra bites you!
* * * LOW HITPOINT WARNING * * *
You feel much better.
The five-headed hydra bites you but does no damage.
The five-headed hydra closely misses you.
You block the five-headed hydra's attack.
The five-headed hydra bites you.
* * * LOW HITPOINT WARNING * * *
The five-headed hydra bites you!!
* * * LOW HITPOINT WARNING * * *
Okay, then.
Okay, then.
Unknown command.
Casting: Iskenderun's Mystic Blast (safe; 1% risk of failure)
Confirm with . or Enter, or press ? or * to list all spells.
Okay, then.
Unknown command.
Casting: Iskenderun's Mystic Blast (safe; 1% risk of failure)
Confirm with . or Enter, or press ? or * to list all spells.
You feel a surge of power!
You blink.
Okay, then.
Casting: Blink (safe; 1% risk of failure)
Confirm with . or Enter, or press ? or * to list all spells.
Aiming: Fireball (mildly dangerous; 1% risk of failure)
Press: ? - help, Shift-Dir - straight line, f/p - five-headed hydra
Aim: a five-headed hydra (translocational energy, almost dead, strong)
You feel a strong surge of power!
The fireball explodes!
The fireball engulfs the five-headed hydra!!
You kill the five-headed hydra!
Vehumet accepts your kill.
You feel your power returning.
The mangrove smoulders and burns.
You smell burning wood.
The swamp worm fires a harpoon shot at you.
You block the harpoon shot.
You see here an alligator corpse.
There is a stone staircase leading down here.
There is a stone staircase leading up here.
The swamp worm fires a harpoon shot at you.
The harpoon shot hits you!
You die...

.≈.≈≈≈≈≈.♣
≈≈≈≈.≈≈≈≈≈≈.♣
..≈≈≈≈≈≈.≈.♣
≈.)..≈≈≈...≈
♣♣♣†§♣ ...≈≈..
♣§.§♣♣♣≈≈..≈≈≈
♣§≈§♣♣...≈†.≈≈
♣☼.§≈..w.≈♣.≈≈
♣@>†≈†...≈.≈≈.
♣♣.≈.≈♣.≈≈.≈≈.
♣♣≈≈♣♣♣♣♣(≈≈.
♣♣.♣ ..w ♣♣♣
≈.


You could see a swamp worm.

Vanquished Creatures
  An orc warlord (Orc:1)
  A quicksilver ooze (Gauntlet)
  A minotaur (Gauntlet)
  Snorg (D:11)
  An eleionoma (Swamp:1)
  6 boulder beetles
  Erolcha (D:11)
  Fannar (D:11)
  13 hydras
  A catoblepas (Gauntlet)
  8 centaur warriors
  An ogre mage (D:12)
  4 alligators
  7 two-headed ogres
  12 death yaks
  An orc high priest (Orc:1)
  Sonja (D:13)
  Urug (Lair:6)
  A soul eater (Gauntlet)
  A skeletal warrior (D:15)
  A spriggan druid (Swamp:2)
  2 goliath frogs (Swamp:1)
  A wizard (D:13)
  Pikel (D:9)
  A lindwurm (Lair:3)
  A phantasmal warrior (D:15)
  2 bog bodies (Swamp:1)
  4 orc knights
  A necromancer (D:15)
  3 deep elf pyromancers
  An iron dragon zombie (D:15)
  An orc sorcerer (Orc:2)
  5 ugly things
  A frost giant zombie (D:15)
  2 will-o-the-wisps (Swamp:1)
  4 cyclopes
  A manticore (D:15)
  5 elephants (Lair:6)
  3 black mambas
  Maurice (D:9)
  Maggie (D:9)
  2 torpor snails
  A gargoyle (Gauntlet)
  An unseen horror (D:11)
  21 cane toads
  7 komodo dragons
  3 yaktaurs (D:15)
  3 efreet
  4 rime drakes
  A guardian mummy (D:15)
  7 trolls
  2 jumping spiders (Lair:2)
  5 hornets (Lair:6)
  5 polar bears
  3 tyrant leeches (Swamp:1)
  A spriggan zombie (D:15)
  23 blink frogs
  12 slime creatures
  4 dream sheep
  A shadow (D:9)
  A redback (Lair:2)
  14 spriggans (Lair:6)
  2 wraiths
  37 yaks
  A water elemental (D:14)
  6 basilisks
  2 steam dragons
  A death yak simulacrum (IceCv)
  13 vampire mosquitoes
  A warg (Orc:2)
  3 acid dragons
  14 water moccasins
  5 swamp worms
  35 orc warriors
  A human skeleton (D:15)
  4 black bears
  3 ice beasts
  A necrophage (D:5)
  7 ogres
  4 boggarts
  37 wolves
  26 centaurs
  4 lemures (D:9)
  A phantom (D:5)
  2 kobold brigands
  16 bullfrogs
  A cane toad simulacrum (IceCv)
  A two-headed ogre simulacrum (D:11)
  A water moccasin zombie (D:7)
  A water moccasin skeleton (D:4)
  3 elephant simulacra (IceCv)
  6 killer bees (D:8)
  4 howler monkeys
  4 wights (D:7)
  8 electric eels (D:14)
  7 centaur zombies
  13 orc priests
  3 hounds
  12 jellies
  A bullfrog skeleton (D:7)
  2 gnoll shamans
  3 iguanas
  10 orc wizards
  A troll simulacrum (D:11)
  A hound zombie (D:5)
  2 hound skeletons (D:4)
  2 howler monkey zombies
  Robin (D:2)
  5 adders
  10 gnolls
  A howler monkey skeleton (D:7)
  A river rat (D:10)
  4 shadow imps (Gauntlet)
  3 white imps
  A worm (D:2)
  An adder skeleton (D:5)
  3 dart slugs
  73 orcs
  2 ball pythons
  18 endoplasms
  A giant cockroach (D:1)
  30 goblins
  18 hobgoblins
  5 jackals (D:1)
  4 quokkas
  4 bats
  8 frilled lizards (D:1)
  18 kobolds
  6 rats
  A fulminant prism (Lair:4)
757 creatures vanquished.

Vanquished Creatures (others)
  A bush (D:15)
  2 demonic plants (Gauntlet)
  180 fulminant prisms
  63 fungi
  70 plants
  11 withered plants
327 creatures vanquished.

Grand Total: 1084 creatures vanquished

Notes
Turn   | Place    | Note
-------+----------+-------------------------------------------
     0 | D:1      | porpoise the Deep Elf Conjurer began the quest for the Orb.
     0 | D:1      | Reached XP level 1. HP: 10/10 MP: 6/6
   228 | D:1      | Reached XP level 2. HP: 8/15 MP: 2/8
   356 | D:1      | Learned a level 2 spell: Searing Ray
   741 | D:1      | Reached skill level 4 in Spellcasting
  1170 | D:1      | Reached skill level 5 in Conjurations
  1170 | D:1      | Reached XP level 3. HP: 19/19 MP: 7/10
  1813 | D:2      | Found a faded altar of an unknown god.
  1965 | D:2      | Noticed Robin
  1971 | D:2      | Killed Robin
  1972 | D:2      | Reached XP level 4. HP: 21/24 MP: 4/12
  2072 | D:2      | Learned a level 4 spell: Fulminant Prism
  2077 | D:2      | Learned a level 4 spell: Iskenderun's Mystic Blast
  2775 | D:3      | Reached skill level 5 in Spellcasting
  2775 | D:3      | Reached skill level 1 in Hexes
  3003 | D:3      | Found a stormy altar of Qazlal.
  3020 | D:3      | Reached XP level 5. HP: 28/28 MP: 9/14
  3234 | D:3      | Found a sparkling altar of Nemelex Xobeh.
  3526 | D:4      | Reached skill level 6 in Spellcasting
  3753 | D:4      | Identified the amulet "Sink" {Acrobat rPois rC- Will+}
  3980 | D:4      | Noticed a steam dragon
  3987 | D:4      | Killed a steam dragon
  3988 | D:4      | Reached XP level 6. HP: 18/32 MP: 6/17
  4171 | D:4      | Found Huskov's Armour Boutique.
  4235 | D:4      | Found an iron altar of Okawaru.
  4311 | D:5      | Entered Level 5 of the Dungeon
  4406 | D:5      | Reached skill level 7 in Spellcasting
  4456 | D:5      | Noticed an acid dragon
  4461 | D:5      | HP: 1/32 [acid dragon/splash of acid (31)]
  4462 | D:5      | Reached skill level 5 in Hexes
  4465 | D:5      | Killed an acid dragon
  4466 | D:5      | Reached XP level 7. HP: 2/36 MP: 5/19
  5997 | D:6      | Reached XP level 8. HP: 36/41 MP: 15/20
  6044 | D:6      | Reached skill level 5 in Translocations
  6308 | D:6      | Found a snail-covered altar of Cheibriados.
  6317 | D:6      | Found an ornate altar of the Wu Jian Council.
  6876 | D:6      | Found a burning altar of Makhleb.
  6930 | D:6      | Noticed a cacodemon
  6933 | D:6      | Noticed a hellwing
  6933 | D:6      | Noticed an orange demon
  6943 | D:6      | Found a basalt altar of Yredelemnul.
  7124 | D:7      | Reached skill level 1 in Fighting
  7156 | D:7      | Found a staircase to the Ecumenical Temple.
  7275 | D:7      | Reached skill level 8 in Spellcasting
  8822 | D:7      | Reached skill level 9 in Spellcasting
  8822 | D:7      | Reached XP level 9. HP: 44/51 MP: 13/24
  9689 | D:8      | Found an ancient bone altar of Kikubaaqudgha.
  9690 | D:8      | Found a hide-covered altar of Uskayaw.
 10162 | D:8      | Reached skill level 10 in Spellcasting
 10436 | D:8      | Found a radiant altar of Vehumet.
 10443 | D:8      | Became a worshipper of Vehumet
 10565 | D:9      | Noticed Maurice
 10696 | D:9      | Killed Maurice
 10796 | D:9      | Learned a level 2 spell: Blink
 10814 | D:9      | Found a staircase to the Orcish Mines.
 10831 | D:9      | Noticed a two-headed ogre
 10841 | D:9      | Killed a two-headed ogre
 10842 | D:9      | Reached skill level 5 in Fighting
 10842 | D:9      | Reached skill level 12 in Spellcasting
 11055 | D:9      | Noticed Pikel
 11062 | D:9      | Reached XP level 10. HP: 17/59 MP: 11/28
 11066 | D:9      | Killed Pikel
 11497 | D:9      | Reached skill level 5 in Dodging
 11802 | D:9      | Noticed a four-headed hydra
 11812 | D:9      | Noticed a two-headed ogre
 11825 | D:9      | Noticed Maggie
 12113 | D:9      | Noticed a centaur warrior
 12122 | D:9      | Killed a centaur warrior
 12236 | D:9      | Noticed a boulder beetle
 12260 | D:9      | Killed a boulder beetle
 12762 | D:9      | Killed Maggie
 12877 | D:9      | Found a shimmering altar of Xom.
 13018 | D:9      | Killed a four-headed hydra
 13018 | D:9      | Reached * piety under Vehumet
 13018 | D:9      | Offered knowledge of Shock by Vehumet.
 13019 | D:9      | Reached XP level 11. HP: 63/63 MP: 17/29
 13225 | D:10     | Entered Level 10 of the Dungeon
 13272 | D:10     | Reached skill level 5 in Evocations
 13387 | D:10     | Found an opulent altar of Gozag.
 13500 | D:10     | Found a staircase to the Lair.
 13500 | D:10     | Noticed a death yak
 13500 | D:10     | Noticed a death yak
 13501 | D:10     | Noticed a death yak
 13510 | D:10     | Killed a death yak
 13511 | D:10     | Killed a death yak
 13516 | D:10     | Killed a death yak
 13517 | D:10     | Reached skill level 5 in Stealth
 13778 | D:4      | Bought the +3 buckler of Precision Catastrophes {rElec rF+
                  | Dex+2} for 536 gold pieces
 14010 | D:10     | Reached skill level 1 in Shields
 14511 | D:10     | Found a hazy altar of Hepliaklqana.
 14660 | Lair:1   | Entered Level 1 of the Lair of Beasts
 15385 | Lair:1   | Reached skill level 13 in Spellcasting
 16153 | Lair:1   | Learned a level 3 spell: Swiftness
 16323 | Lair:2   | Noticed a boulder beetle
 16355 | Lair:1   | Reached skill level 1 in Air Magic
 16585 | Lair:2   | Killed a boulder beetle
 16586 | Lair:2   | Reached XP level 12. HP: 44/68 MP: 0/31
 16811 | Lair:2   | Reached skill level 14 in Spellcasting
 16901 | Lair:2   | Found a hole to the Spider Nest.
 17671 | Lair:3   | Reached ** piety under Vehumet
 17671 | Lair:3   | Offered knowledge of Scorch by Vehumet.
 17819 | Lair:3   | Reached skill level 10 in Hexes
 17954 | Lair:3   | Noticed a boulder beetle
 17960 | Lair:3   | Reached skill level 5 in Air Magic
 18366 | Lair:3   | Noticed a six-headed hydra
 18679 | Lair:3   | Offered knowledge of Conjure Flame by Vehumet.
 18875 | Lair:3   | Reached skill level 10 in Conjurations
 19350 | Lair:3   | Killed a boulder beetle
 19369 | Lair:3   | Reached *** piety under Vehumet
 19926 | Lair:3   | Reached XP level 13. HP: 41/72 MP: 28/33
 21152 | Lair:4   | Offered knowledge of Airstrike by Vehumet.
 21298 | Lair:4   | Upgraded the game from 0.28-a0-895-g6e5f11bd55 to
                  | 0.28-a0-906-g0406aca7d3
 22236 | Lair:4   | Reached **** piety under Vehumet
 22346 | Lair:4   | Offered knowledge of Fireball by Vehumet.
 22353 | Lair:4   | Learned a level 5 spell: Fireball
 22463 | Lair:4   | Reached skill level 1 in Fire Magic
 22518 | Lair:4   | Found a staircase to the Swamp.
 24159 | Lair:5   | Reached skill level 5 in Fire Magic
 24622 | D:11     | Found a frozen archway.
 24657 | IceCv    | Entered an ice cave
 24737 | IceCv    | Found a transporter.
 24754 | IceCv    | Found a transporter.
 24917 | D:11     | Noticed Fannar
 24924 | D:11     | Killed Fannar
 25125 | D:11     | Noticed Erolcha
 25192 | D:11     | Killed Erolcha
 25666 | D:11     | Noticed Snorg
 25692 | D:11     | Killed Snorg
 26130 | D:12     | Reached XP level 14. HP: 82/82 MP: 17/34
 26538 | D:12     | Learned a level 3 spell: Inner Flame
 27177 | D:12     | Found a radiant altar of Vehumet.
 27346 | D:12     | Identified the +2 leather armour of a Labyrinth {rElec rC+
                  | MP+9}
 27639 | D:13     | Found a white marble altar of Elyvilon.
 27658 | D:13     | Noticed Sonja
 27662 | D:13     | Killed Sonja
 27663 | D:13     | Reached skill level 10 in Fire Magic
 27811 | D:13     | Found a gate to the Vaults.
 27816 | D:13     | Found a gate leading to a gauntlet.
 27830 | Gauntlet | Entered a Gauntlet
 27830 | Gauntlet | Found a transporter.
 27994 | Gauntlet | Found the ring of the Octopus King
 27996 | Gauntlet | Found a transporter.
 27996 | Gauntlet | Found a transporter.
 27998 | Gauntlet | Found a transporter.
 28013 | Gauntlet | Found a transporter.
 28031 | Gauntlet | Found a transporter.
 28039 | Gauntlet | Found a transporter.
 28054 | Gauntlet | Found a transporter.
 28054 | Gauntlet | Noticed a quicksilver ooze
 28073 | Gauntlet | Found a transporter.
 28087 | Gauntlet | Found a transporter.
 28105 | Gauntlet | Found a transporter.
 28111 | Gauntlet | Found a transporter.
 28136 | Gauntlet | Found a transporter.
 28142 | Gauntlet | Found a transporter.
 28144 | Gauntlet | Found a transporter.
 28176 | Gauntlet | Found a transporter.
 28190 | Gauntlet | Found a transporter.
 28223 | Gauntlet | Found a transporter.
 28517 | Gauntlet | Identified a ring of the Octopus King {AC+1 EV+1 Str+1
                  | Int+1 Dex+1 SInv}
 28646 | Gauntlet | Learned a level 6 spell: Iron Shot
 28677 | Gauntlet | Killed a quicksilver ooze
 28678 | Gauntlet | Reached skill level 1 in Earth Magic
 28752 | Gauntlet | Identified the ring "Hoamoq" {Fly rF+ Dex+6}
 28754 | Gauntlet | Identified the ring "Roroleb" {Fly Dex+6}
 28769 | Gauntlet | Identified the +3 chain mail of Resourcefulness {rPois}
 28912 | Gauntlet | Got the Reference Book on Transmigration and Air
 28912 | Gauntlet | Got the Volume of the Battered Violins
 29085 | D:13     | Reached ***** piety under Vehumet
 29085 | D:13     | Offered knowledge of Ozocubu's Refrigeration by Vehumet.
 29379 | Lair:1   | Learned a level 5 spell: Borgnjor's Vile Clutch
 29560 | D:13     | Found a runed translucent door.
 29561 | D:13     | Found a shimmering altar of Xom.
 29561 | D:13     | Noticed croobank's ghost (adept HOFi)
 30455 | D:14     | Reached skill level 5 in Earth Magic
 31482 | D:15     | Entered Level 15 of the Dungeon
 31592 | D:15     | Reached skill level 15 in Spellcasting
 31677 | D:15     | Found a staircase to the Depths.
 33167 | Orc:1    | Entered Level 1 of the Orcish Mines
 33178 | Orc:1    | Reached XP level 15. HP: 86/86 MP: 15/36
 33469 | Orc:2    | Entered Level 2 of the Orcish Mines
 33484 | Orc:2    | Found Vygata's Armour Emporium.
 33709 | Orc:2    | Offered knowledge of Lightning Bolt by Vehumet.
 33736 | Orc:2    | Reached skill level 16 in Spellcasting
 34516 | Orc:2    | Found a staircase to the Elven Halls.
 34949 | Orc:2    | Reached skill level 1 in Necromancy
 35143 | Orc:2    | Found Odghod's Weapon Shop.
 35143 | Orc:2    | Found Resk's Antique Weapon Shoppe.
 35145 | Orc:2    | Found Urudutil's Distillery.
 35147 | Orc:2    | Found Biemnul's Weapon Boutique.
 35198 | Orc:1    | Noticed an orc warlord
 35204 | Orc:1    | Killed an orc warlord
 35852 | Orc:2    | Bought a potion of heal wounds for 85 gold pieces
 35852 | Orc:2    | Bought a potion of haste for 170 gold pieces
 36057 | Lair:6   | Entered Level 6 of the Lair of Beasts
 36057 | Lair:6   | Noticed Urug
 36062 | Lair:6   | Killed Urug
 36139 | Lair:6   | Offered knowledge of Starburst by Vehumet.
 36859 | Lair:6   | Found a runed translucent door.
 36859 | Lair:6   | Found a viscous altar of Jiyva.
 36865 | Lair:6   | Found a staircase to the Slime Pits.
 36865 | Lair:6   | Noticed an acid blob
 36865 | Lair:6   | Noticed an acid blob
 36898 | Lair:6   | Reached skill level 5 in Necromancy
 36980 | Lair:6   | Reached skill level 10 in Earth Magic
 37998 | Lair:6   | Identified the +0 plate armour of Nustru {rElec rC+++ Int-3
                  | Stlth+}
 38237 | Swamp:1  | Entered Level 1 of the Swamp
 39207 | Swamp:1  | Found a transporter.
 39217 | Swamp:1  | Noticed a hellephant
 39350 | Swamp:1  | Found a transporter.
 39361 | Swamp:1  | Identified the ring of the Suburbs {rC+ rCorr Str+2 Int+4}
 39401 | Swamp:1  | Found a one-way gate to the infinite horrors of the Abyss.
 39401 | Swamp:1  | Noticed Uweimen's ghost (journeyman VSBe)
 39638 | Swamp:2  | Offered knowledge of Orb of Destruction by Vehumet.
 39639 | Swamp:2  | Reached XP level 16. HP: 56/96 MP: 16/38
 39640 | Swamp:2  | HP: 3/96 [five-headed hydra (20)]
 39647 | Swamp:2  | Killed from afar by a swamp worm

Illustrated notes

Levels and vault maps discovered:
D:1:      eino_arrival_cavern_b, layout_basic, minmay_lizard_king
D:2:      layout_loops_corners, shapermc_ecumenical_altar_acropolis, uniq_robin
D:3:      layout_rooms, nemelex_dance_club_becter,
          mainiacjoe_overflow_cross_hatched, minivault_24
D:4:      layout_basic, okawaru_trees_2, serial_shops, shop
D:5:      layout_cave_pods
D:6:      layout_layer_cave, yredelemnul_altar_generic,
          makhleb_altar_promises_db, jmf_multi_god_temple
D:7:      corexii_shantytown, layout_basic, temple_statues,
          palyth_stone_intersect, kennysheep_small_square
D:8:      layout_basic, lemuel_round_altar, grunt_temple_overflow_open,
          minmay_misc_feat_pillars, eino_small_chamber_without_monster
D:9:      minmay_bloctagon, layout_irregular_city, mainiacjoe_overflow_catwalk,
          minmay_orc_entry_temple_small, minmay_stone_trees_small,
          corexii_hall_statues_i, chequers_jeans, uniq_pikel, uniq_maurice,
          uniq_maggie
D:10:     layout_loops_ring, marbit_many_paths, grunt_gozag_statues,
          dpeg_lair_monsters
D:11:     layout_rooms, portal_ice_cave_entry_ice_simulacra, uniq_snorg,
          uniq_erolcha, uniq_fannar
D:12:     layout_gridville, minmay_fountain_box, vehumet_crystals
D:13:     layout_rooms, david_vaults_1, gauntlet_entry_generic,
          ebering_ghost_xom, elyvilon_altar_1, uniq_sonja
D:14:     layout_basic
D:15:     gammafunk_depths_entry_grave, layout_gridville, minmay_hedge_maze,
          hangedman_decor_slide_cut
Lair:1:   layout_regular_city, infiniplex_staircase_pool, lemuel_fruit_tree
Lair:2:   layout_misc_corridors, spider_nest_entry_a, grunt_megastairs_2,
          infiniplex_staircase_pool_2, lemuel_fruit_fields
Lair:3:   layout_chaotic_city, beast_lair_carwin_8
Lair:4:   lemuel_slime, layout_regular_city, swamp_mist,
          minmay_stone_trees_medium
Lair:5:   layout_layer_cave, serial_bayou_shore_b
Lair:6:   minmay_lair_end_enchanted_forest, layout_hall_layers, slime_altar_2,
          uniq_urug
Swamp:1:  layout_basic_swamp, gammafunk_ghost_abyssal_escape,
          hangedman_swamp_blocks, swamp_pool2, nicolae_swamp_fairy_circle
Swamp:2:  layout_basic_swamp, evilmike_swamp_ruin_house_5
Orc:1:    layout_caves, david_defended_altar_orc
Orc:2:    st_orc_rangers, layout_caves, serial_shops, nicolae_shop_hallway_plus

Skill      XL: |  1  2  3  4  5  6  7  8  9 10 11 12 13 14 15 |
---------------+----------------------------------------------+-----
Spellcasting   | 4 5 6 7 9 12 13 14 15 16 | 16.0
Conjurations   | 5 7 9 10 12 | 12.0
Hexes          | 2 4 5 7 9 12 | 12.0
Translocations | 2 4 5 7 8 9 |  9.0
Fighting       | 3 5 7 9 |  9.0
Dodging        | 3 7 |  7.7
Evocations     | 4 5 7 |  7.0
Stealth        | 7 |  7.0
Shields        | 4 |  4.0
Air Magic      | 2 5 |  5.0
Fire Magic     | 8 10 | 10.4
Earth Magic    | 7 11 | 11.4
Necromancy     | 5 |  5.0

Action                   |  1- 3 |  4- 6 |  7- 9 | 10-12 | 13-15 | 16-18 || total
-------------------------+-------+-------+-------+-------+-------+-------++-------
Melee: Staff             |       |       |       |       |     6 |       ||     6
 Fire: Hunting sling     |       |    21 |   115 |     6 |       |       ||   142
       Fustibalus        |       |       |       |    70 |    82 |       ||   152
Throw: Dart              |       |       |       |     1 |     5 |       ||     6
 Cast: Magic Dart        |    46 |    14 |     8 |       |       |       ||    68
       Searing Ray       |    12 |    29 |    89 |   105 |   114 |       ||   349
       Fulminant Prism   |       |     5 |    19 |    79 |    78 |       ||   181
       Iskenderun's Myst |       |       |     8 |    64 |    87 |     1 ||   160
       Fireball          |       |       |       |       |   208 |     1 ||   209
       Iron Shot         |       |       |       |       |    91 |       ||    91
       Inner Flame       |       |       |       |       |     4 |       ||     4
       Borgnjor's Vile C |       |       |       |       |     1 |       ||     1
       Blink             |       |       |       |       |       |     1 ||     1
 Abil: Evoke Invisibilit |       |       |       |       |     2 |       ||     2
Evoke: Wand              |       |       |       |    22 |    22 |       ||    44
       Phial of floods   |       |       |       |       |     1 |       ||     1
  Use: Scroll            |       |       |    12 |    10 |    18 |       ||    40
       Potion            |       |       |       |       |     8 |     1 ||     9
Armor: Robe              |     2 |     5 |    21 |    46 |    26 |     1 ||   101
Dodge: Dodged            |     7 |    14 |    31 |    76 |    98 |     3 ||   229
Block: Other             |       |       |     3 |    10 |       |       ||    13
       Reflection        |       |       |     1 |     7 |    11 |       ||    19
       Buckler           |       |       |       |    55 |    96 |     2 ||   153

Table legend: (Time is in decaauts)
 A = Elapsed time spent in this place.
 B = Non-inter-level travel time spent in this place.
 C = Inter-level travel time spent in this place.
 D = Time resting spent in this place.
 E = Time spent auto-exploring this place.
 F = Levels seen in this place.
 G = Mean time per level.
                   A        B        C        D        E       F      G
               +--------+--------+--------+--------+--------+-----+--------+
         Total |  39827 |  37643 |   2184 |  18516 |  12206 |  27 | 1475.1 |
       Dungeon |  22065 |  20826 |   1239 |  10018 |   8185 |  15 | 1471.0 |
          Lair |  12737 |  11878 |    859 |   6119 |   3286 |   6 | 2122.8 |
         Swamp |   1181 |   1163 |     18 |    596 |     99 |   2 |  590.5 |
  Orcish Mines |   2641 |   2575 |     66 |   1335 |    410 |   2 | 1320.5 |
      Ice Cave |    134 |    134 |      0 |     62 |      0 |   1 |  134.0 |
      Gauntlet |   1067 |   1067 |      0 |    385 |    226 |   1 | 1067.0 |
               +--------+--------+--------+--------+--------+-----+--------+

Top non-repeatable levels by time:
  Lair:2: 2663 daAuts
  Lair:4: 2415 daAuts
     D:9: 2373 daAuts
  Lair:1: 2247 daAuts
     D:7: 2243 daAuts
  Lair:3: 2114 daAuts
   Orc:2: 2070 daAuts
     D:8: 1949 daAuts
  Lair:6: 1824 daAuts
    D:10: 1549 daAuts
    D:15: 1498 daAuts
  Lair:5: 1473 daAuts
    D:11: 1451 daAuts
     D:6: 1450 daAuts
    D:12: 1353 daAuts
